 Dungeon Crawl Stone Soup version 0.32-a0-128-g77eb882913 (webtiles) character file.

Game seed: 13257206995719810277

1048 Drazool the Cleaver (level 8, -9/68 HPs)
             Began as a Minotaur Chaos Knight on Feb 7, 2024.
             Was a Plaything of Xom.
             Mangled by an ice devil (13 damage)
             ... summoned by Xom
             ... on level 6 of the Dungeon.
             The game lasted 00:12:39 (3944 turns).

Drazool the Cleaver (Minotaur Chaos Knight)         Turns: 3944, Time: 00:12:41

Health: -9/68      AC:  5    Str: 25    XL:     8   Next: 5%
Magic:  7/7        EV: 16    Int:  9    God:    Xom [*.....]
Gold:   111        SH:  0    Dex: 10    Spells: 7/7 levels left

rFire   + . .        a - +0 hand axe (chaos)
rCold   . . .        g - +1 buckler {rF+}
rNeg    . . .        f - +0 ring mail {rF+}
rPois   .            (helmet restricted)
rElec   .            (no cloak)
rCorr   .            (no gloves)
SInv    .            (no boots)
Will    .....        (no amulet) Stlth
                     S - +6 ring of strength
HPRegen 0.31/turn    E - +5 ring of evasion
MPRegen 0.10/turn

%: no passive effects
@: confused, ambrosia-drunk
A: horns 2, retaliatory headbutt, heat vulnerability 1
a: Renounce Religion


You were on level 6 of the Dungeon.
You worshipped Xom.
You were a special plaything of Xom.
You visited 1 branch of the dungeon, and saw 6 of its levels.

You collected 283 gold pieces.
You spent 172 gold pieces at shops.


Innate Abilities, Weirdness & Mutations

You have a pair of horns on your head.
You reflexively headbutt those who attack you in melee.
You are vulnerable to heat. (rF-)


   Skills:
 - Level 5.0 Fighting
 + Level 8.5 Axes
 - Level 4.0 Throwing
 - Level 4.0 Armour
 - Level 4.0 Dodging


You had 7 spell levels left.
You didn't know any spells.
Your spell library contained the following spells:

 Spells                   Type           Power      Damage    Failure   Level
 Sandblast                Erth           0%         2d4       58%         1
 Shock                    Conj/Air       0%         1d3       58%         1
 Fugue of the Fallen      Necr           0%         N/A       92%         3
 Ozocubu's Armour         Ice            0%         N/A       92%         3
 Passwall                 Erth           0%         N/A       92%         3
 Stone Arrow              Conj/Erth      0%         3d7       92%         3
 Swiftness                Air            0%         N/A       92%         3
 Airstrike                Air            0%         2d(0-16)  100%        4
 Brom's Barrelling Bould  Conj/Erth      0%         2d3       100%        4
 Manifold Assault         Tloc           0%         N/A       100%        4

Inventory:

Hand Weapons
 a - a +0 hand axe of chaos (weapon)
Missiles
 l - 3 javelins (quivered)
 p - 17 poisoned darts
Armour
 b - a +2 leather armour
 f - a +0 ring mail of fire resistance (worn)
 g - a +1 buckler of fire resistance (worn)
Jewellery
 E - a +5 ring of evasion (right hand)
 M - a ring of magical power
 S - a +6 ring of strength (left hand)
Wands
 j - a wand of charming (6)
Scrolls
 c - a scroll of butterflies
 d - 2 scrolls of enchant armour
 e - 3 scrolls of poison
 h - 3 scrolls of teleportation {@r2}
 i - a scroll of enchant weapon
 k - a scroll of fog
 m - 3 scrolls of vulnerability
 o - a scroll of amnesia
 s - 2 scrolls of noise
 t - a scroll of fear
Potions
 q - a potion of curing {unknown}
 r - a potion of degeneration
 u - a potion of enlightenment
 v - a potion of invisibility

Dungeon Overview and Level Annotations

Branches:
Dungeon (6/15)             Temple (0/1) D:5

Altars:
Dithmenos
Nemelex Xobeh
Okawaru
Ru
Sif Muna

Shops:
D:5 [

Annotations:
D:3 1 transporter, Gangsterbeez's ghost, novice MiFi
D:4 1 runed translucent door, zenocrate's ghost, amateur KoDe

#.......... ###
#.......... #..
###..#.#..##. #..
#.....<...### #..
#....#.#..... ####..
#..........## ...(.
#..........##
#.5######.......#####
#.54@..##.......###..
#....§.###.##.........'.[
#....§. #..#####.##.##..
.......####.#####.##.##..
..................##.####
....(....####.######.#
.o...... #.# #.# $.###..
#.# #.# #. #.# #.#


You could see an orc priest, a quasit (summoned), a white imp (summoned) and a
neutral ice devil (summoned, fast, strong, frenzied, distracted).


Message History

You are confused.
You feel invigorated.
Xom roars with laughter!
The ice devil misses you.
You bump into the rock wall.
The ice devil barely misses you.
Unknown command.
You slash the ice devil!
The ice devil flies into a frenzy!
The ice devil is moderately wounded.
The white imp closely misses the ice devil.
The ice devil hits the crimson imp!
The ice devil freezes the crimson imp!!
The crimson imp is frozen!
The crimson imp dies!
The crimson imp disappears in a puff of smoke!
The quasit bites the ice devil but does no damage.
The quasit claws the ice devil but does no damage. x2
An orc priest comes into view. It is wielding a +0 hand axe.
Press: ? - help, v - describe, . - travel, g - get item
Here: an ice devil (moderately wounded, summoned, fast, strong, frenzied and wild)
Items here: an iguana corpse; a bullfrog corpse.
The floor, spattered with blood.
Unknown command.
You closely miss the ice devil.
The orc priest shouts!
Your headbutt misses the ice devil.
The ice devil is moderately wounded.
The ice devil hits you!!
* * * LOW HITPOINT WARNING * * *
The ice devil freezes you!
You die...
Xom is highly amused!

Skill      XL: |  1  2  3  4  5  6  7 |
---------------+----------------------+-----
Axes           | 4 5 6 8 |  8.5
Fighting       | 4 5 |  5.0
Dodging        | 3 4 |  4.0
Armour         | 4 |  4.0
Throwing       | 4 |  4.0

Action                     |  1- 3 |  4- 6 |  7- 9 || total
---------------------------+-------+-------+-------++-------
  Melee: Hand axe          |    80 |   108 |    71 ||   259
         Headbutt          |    11 |    16 |    12 ||    39
         Punch             |     1 |     6 |       ||     7
  Throw: Javelin           |       |     2 |     4 ||     6
    Use: Scroll            |       |    10 |     2 ||    12
         Potion            |       |       |     3 ||     3
   Stab: Confused          |     1 |       |     1 ||     2
         Sleeping          |       |     1 |       ||     1
 Armour: Leather armour    |    36 |    31 |       ||    67
         Ring mail         |       |    15 |    33 ||    48
  Dodge: Dodged            |    50 |    53 |    53 ||   156
  Block: Buckler           |       |       |     4 ||     4

Levels and vault maps discovered:
D:1:      lordsloth_arrival_two_stooges, layout_basic,
          hellmonk_ecumenical_altar_pennies_from_heaven, serial_glass,
          glass_columns_a, glass_columns_a
D:2:      layout_rooms, basic_altar, kennysheep_another_room
D:3:      layout_loops_ring, mainiacjoe_overflow_alcove_1,
          chequers_temple_overflow_statue_of_worship, gammafunk_ghost_smash,
          minmay_cut_off
D:4:      layout_loops_ring, mainiacjoe_overflow_brackets,
          hellmonk_ghost_happy_afterlife
D:5:      layout_rooms, temple_fountains, serial_shops,
          nicolae_shop_hallway_plus
D:6:      layout_basic, st_stairs_14

Notes
Turn   | Place    | Note
-------+----------+-------------------------------------------
     0 | D:1      | Drazool the Minotaur Chaos Knight began the quest for the
                  | Orb.
     0 | D:1      | Reached XP level 1. HP: 19/19 MP: 0/0
    72 | D:1      | Reached skill level 4 in Axes
   142 | D:1      | Reached XP level 2. HP: 26/26 MP: 1/1
   190 | D:1      | Found a faded altar of an unknown god.
   306 | D:1      | XOM: silly message
   632 | D:1      | Reached skill level 5 in Axes
   744 | D:2      | Reached XP level 3. HP: 26/31 MP: 2/2
   787 | D:2      | XOM: divination: detect creatures
   904 | D:2      | Reached skill level 6 in Axes
   904 | D:2      | Reached XP level 4. HP: 39/39 MP: 3/3
  1066 | D:2      | Found a sacrificial altar of Ru.
  1317 | D:3      | XOM: potion effect (brilliance)
  1319 | D:3      | Reached XP level 5. HP: 41/45 MP: 4/4
  1425 | D:3      | XOM: draining
  1427 | D:3      | Found a shadowy altar of Dithmenos.
  1469 | D:3      | Reached skill level 7 in Axes
  1530 | D:3      | Found a sparkling altar of Nemelex Xobeh.
  1530 | D:3      | Found a shimmering blue altar of Sif Muna.
  1702 | D:3      | Found a transporter.
  1718 | D:3      | Noticed Gangsterbeez's ghost (novice MiFi)
  1719 | D:3      | Noticed an ogre
  1891 | D:3      | XOM: summons 3 hostile demons
  1990 | D:3      | XOM: summons 4 hostile shadow creatures
  2094 | D:4      | Found an iron altar of Okawaru.
  2094 | D:4      | XOM: 2-stop teleportation journey
  2227 | D:4      | Reached skill level 8 in Axes
  2307 | D:4      | Noticed an ogre
  2311 | D:4      | Killed an ogre
  2311 | D:4      | Killed an ogre
  2312 | D:4      | Reached skill level 4 in Fighting
  2312 | D:4      | Reached XP level 6. HP: 53/53 MP: 5/5
  2369 | D:4      | Reached skill level 5 in Fighting
  2370 | D:4      | Noticed zenocrate's ghost (amateur KoDe)
  2371 | D:4      | Found a runed translucent door.
  2482 | D:4      | XOM: enchant monster (bad)
  2489 | D:4      | Reached skill level 2 in Dodging
  2701 | D:4      | XOM: give mutation
  2701 | D:4      | Gained mutation: You are vulnerable to heat. (rF-) [Xom's
                  | mischief]
  2992 | D:5      | Entered Level 5 of the Dungeon
  2996 | D:5      | Reached skill level 3 in Dodging
  3023 | D:5      | Reached XP level 7. HP: 61/61 MP: 6/6
  3147 | D:5      | Reached skill level 4 in Dodging
  3158 | D:5      | Found a staircase to the Ecumenical Temple.
  3186 | D:5      | Found Veatuimi's Antique Armour Boutique.
  3193 | D:5      | XOM: enchant monster (bad)
  3204 | D:5      | Reached skill level 3 in Armour
  3212 | D:5      | Bought a glowing buckler for 172 gold pieces
  3534 | D:5      | XOM: summons 3 hostile demons
  3583 | D:5      | Reached skill level 4 in Armour
  3583 | D:5      | Reached skill level 1 in Throwing
  3674 | D:6      | Reached skill level 2 in Throwing
  3705 | D:6      | XOM: enchant monster (good)
  3712 | D:6      | Reached skill level 3 in Throwing
  3715 | D:6      | XOM: confusion
  3728 | D:6      | Reached skill level 4 in Throwing
  3926 | D:6      | XOM: enchant monster (bad)
  3927 | D:6      | XOM: summons 4 hostile demons
  3928 | D:6      | Noticed an ice devil
  3934 | D:6      | Reached XP level 8. HP: 51/68 MP: 7/7
  3944 | D:6      | HP: 4/68 [ice devil[Xom] (18)]
  3944 | D:6      | Mangled by an ice devil

Vanquished Creatures
  A sky beast (D:6)
  A black bear (D:4)
  2 ogres (D:4)
  A phantom (D:6)
  2 bullfrogs (D:6)
  3 scorpions
  2 bombardier beetles
  A hound (D:6)
  An orc priest (D:5)
  An iguana (D:6)
  A jelly (D:5)
  A sleepcap (D:5)
  An orc wizard (D:5)
  7 adders
  A shadow imp (D:5)
  A white imp (D:5)
  2 ufetubi (D:5)
  2 ribbon worms
  3 dart slugs
  9 orcs
  4 ball pythons
  7 endoplasms
  3 giant cockroaches (D:2)
  7 goblins
  9 hobgoblins
  5 jackals
  3 quokkas
  3 bats (D:1)
  3 frilled lizards
  6 kobolds
  6 rats
99 creatures vanquished.

Table legend: (Time is in decaauts)
 A = Elapsed time spent in this place.
 B = Non-inter-level travel time spent in this place.
 C = Inter-level travel time spent in this place.
 D = Time resting spent in this place.
 E = Time spent auto-exploring this place.
 F = Levels seen in this place.
 G = Mean time per level.
                   A        B        C        D        E       F      G
               +--------+--------+--------+--------+--------+-----+--------+
         Total |   3920 |   3819 |    101 |      0 |   3073 |   6 |  653.3 |
       Dungeon |   3920 |   3819 |    101 |      0 |   3073 |   6 |  653.3 |
               +--------+--------+--------+--------+--------+-----+--------+

Top non-repeatable levels by time:
     D:4: 897 daAuts
     D:3: 825 daAuts
     D:1: 719 daAuts
     D:5: 655 daAuts
     D:2: 548 daAuts
     D:6: 273 daAuts

Table legend:
 A = Non-vault XP
 B = Vault XP
 C = Vault XP percentage of total XP
 D = Non-vault monster count
 E = Vault monster count
 F = Vault count percentage of total count
                 A         B        C        D         E       F
            +---------+---------+-------+---------+---------+-------
      Total |    1391 |     107 |   7.1 |      94 |       4 |   4.1
            +---------+---------+-------+---------+---------+-------
        D:1 |      36 |       0 |   0.0 |      19 |       0 |   0.0
        D:2 |      85 |       0 |   0.0 |      22 |       0 |   0.0
        D:3 |     112 |       7 |   5.9 |      16 |       3 |  15.8
        D:4 |     395 |       0 |   0.0 |      13 |       0 |   0.0
        D:5 |     377 |       0 |   0.0 |      19 |       0 |   0.0
        D:6 |     386 |     100 |  20.6 |       5 |       1 |  16.7
            +---------+---------+-------+---------+---------+-------
